 Dungeon Crawl Stone Soup version 0.29-a0-541-gaf1fc19f1b (webtiles) character file.

Game seed: 18403597956527700338

2820 IdlyInterested the Covert (level 9, -2/65 HPs)
             Began as a Demonspawn Gladiator on June 2, 2022.
             Was an Initiate of Dithmenos.
             Slain by an ice beast (4 damage)
             ... on level 7 of the Dungeon.
             The game lasted 00:18:35 (8262 turns).

IdlyInterested the Covert (Demonspawn Gladiator)    Turns: 8262, Time: 00:18:36

Health: -2/65      AC: 10    Str: 21    XL:     9   Next: 45%
Magic:  9/9        EV: 15    Int:  9    God:    Dithmenos [......]
Gold:   352        SH:  0    Dex: 25    Spells: 8/8 levels left

rFire   . . .      SeeInvis +   o - +2 scimitar (elec)
rCold   . . .      Faith    .   (no shield)
rNeg    + . .      Spirit   .   k - +0 acid dragon scales
rPois   .          Reflect  .   D - +0 helmet "Arifryah" {rElec rN+ Str+4 SInv}
rElec   +          Harm     .   s - +0 cloak
rCorr   +          Rampage  .   (no gloves)
Will    +....                   (no boots)
Stlth   ++++......              (no amulet)
HPRegen 0.20/turn               m - +6 ring of dexterity
MPRegen 0.11/turn               n - ring of willpower

@: no status effects
A: yellow scales 1, icemail 2, condensation shield, claws 1, strong 1, wild
magic 1
a: Renounce Religion


You were on level 7 of the Dungeon.
You worshipped Dithmenos.
Dithmenos was noncommittal.
You visited 2 branches of the dungeon, and saw 8 of its levels.

You collected 352 gold pieces.

Inventory:

Hand Weapons
 c - a +1 great sword
 o - a +2 scimitar of electrocution (weapon)
 q - a +4 scimitar
 u - a +2 dagger of draining
 w - a +4 falchion
 y - a +2 long sword
 E - a +2 dagger of freezing
Missiles
 d - 4 throwing nets (quivered)
 e - a javelin
 j - 6 atropa-tipped darts
 A - 2 boomerangs of dispersal
Armour
 h - a +0 ring mail of fire resistance
 k - +0 acid dragon scales (worn)
 p - a +0 leather armour of cold resistance
 s - a +0 cloak (worn)
 v - a +0 plate armour
 D - the +0 helmet "Arifryah" (worn) {rElec rN+ Str+4 SInv}
   (You found it on level 6 of the Dungeon)

   Str:       It affects your strength (+4).
   rElec:     It insulates you from electricity.
   rN:        It protects you from negative energy.
   SInv:      It lets you see invisible.
Jewellery
 m - a +6 ring of dexterity (left claw)
 n - a ring of willpower (right claw)
 r - a ring of poison resistance
 x - a ring of positive energy
Scrolls
 b - 2 scrolls of identify
 f - 2 scrolls of teleportation
 g - a scroll of poison
 i - 2 scrolls of amnesia
 z - a scroll of enchant armour
Potions
 a - a potion of haste
 t - 3 potions of magic
 B - a potion of brilliance
 C - a potion of lignification
 F - a potion of flight {unknown}


   Skills:
 - Level 4.0 Fighting
 * Level 7.9 Long Blades
 - Level 1.7 Throwing
 - Level 2.0 Armour
 + Level 4.5 Dodging
 * Level 8.3 Stealth
 + Level 0.0 Invocations


You had 8 spell levels left.
You didn't know any spells.
Your spell library contained the following spells:

 Spells                   Type           Power      Damage    Failure   Level
 Poisonous Vapours        Pois/Air       0%         N/A       69%         2
 Inner Flame              Hex/Fire       0%         N/A       88%         3
 Cause Fear               Hex            0%         N/A       99%         4
 Corpse Rot               Necr/Pois/Air  0%         N/A       99%         4
 Discord                  Hex            0%         N/A       100%        8


Dungeon Overview and Level Annotations

Branches:
Dungeon (7/15)             Temple (1/1) D:6

Altars:
Ashenzari
Cheibriados
Dithmenos
Elyvilon
Fedhas
Gozag
Hepliaklqana
Kikubaaqudgha
Makhleb
Nemelex Xobeh
Okawaru
Qazlal
Ru
Sif Muna
Trog
Uskayaw
Vehumet
Wu Jian
Xom
Yredelemnul
Zin
The Shining One

Shops:
D:2 [


Innate Abilities, Weirdness & Mutations

You are partially covered in yellow scales. (AC +2)
A meltable icy envelope protects you from harm. (AC +0)
A meltable shield of frost defends you. (SH +0)
You have sharp fingernails.
Your muscles are strong. (Str +2)
Your spells are a little harder to cast, but a little more powerful.


Message History

You closely miss the steam dragon. The steam dragon bites you.
The steam dragon misses you.
You closely miss the steam dragon. The steam dragon barely misses you.
The steam dragon misses you. The steam dragon barely misses you.
The steam dragon claws you.
You hit the steam dragon.
The steam dragon is lightly wounded.
The steam dragon closely misses you. x2
You closely miss the steam dragon.
The steam dragon is lightly wounded.
The ice beast hits you. The ice beast freezes you!
* * * LOW HITPOINT WARNING * * *
The steam dragon breathes steam at you. The ball of steam misses you.
You feel better.
You are engulfed in a cloud of scalding steam.
The ice beast barely misses you. The steam dragon barely misses you.
The steam dragon completely misses you. The ice beast attacks as you move away!
The ice beast barely misses you.
The ice beast is engulfed in a cloud of scalding steam.
The steam dragon bites you but does no damage.
The steam dragon claws you. The steam dragon barely misses you.
The steam dragon claws you.
* * * LOW HITPOINT WARNING * * *
The steam dragon breathes steam at you. The ball of steam hits you!
* * * LOW HITPOINT WARNING * * *
You hit the steam dragon but do no damage.
Lightning courses through the steam dragon!
The steam dragon is heavily wounded.
The ice beast hits you but does no damage.
The steam dragon barely misses you. The steam dragon claws you.
* * * LOW HITPOINT WARNING * * *
You feel better. The ice beast hits you.
* * * LOW HITPOINT WARNING * * *
The ice beast freezes you.
* * * LOW HITPOINT WARNING * * *
The steam dragon closely misses you. x2
The ice beast attacks as you move away! The ice beast hits you.
You die...

....#...#.......#
....#...#.......#
....#...#.......#
....#...#.......#
....#####....$..#
.........#
..........#
.........Y###+##
.........D@.§§.#
.........§§.§.#
..............#
..............#
..............#
..............#
######+####.....
..... .....


You could see a steam dragon and an ice beast.

Vanquished Creatures
  The ghost of samgaumpmail the Transmogrifier, a novice DgTm (D:6)
  Maggie (D:7)
  A wyvern (D:7)
  A steam dragon (D:7)
  An ice beast (D:5)
  2 black bears
  4 phantoms (D:5)
  A bullfrog (D:7)
  A necrophage (D:5)
  9 wights
  A howler monkey (D:7)
  3 hounds
  A jelly (D:6)
  2 orc priests (D:6)
  A gnoll shaman (D:4)
  4 orc wizards
  7 gnolls
  4 adders
  2 white imps
  An ufetubus (D:6)
  2 worms
  A dart slug (D:5)
  18 orcs
  3 bats
  8 endoplasms
  A giant cockroach (D:4)
  7 goblins
  5 hobgoblins
  7 jackals
  A quokka (D:4)
  7 ball pythons
  2 frilled lizards (D:3)
  8 kobolds
  3 rats
121 creatures vanquished.

Notes
Turn   | Place    | Note
-------+----------+-------------------------------------------
     0 | D:1      | IdlyInterested the Demonspawn Gladiator began the quest for
                  | the Orb.
     0 | D:1      | Reached XP level 1. HP: 16/16 MP: 1/1
   392 | D:1      | Reached skill level 1 in Stealth
   399 | D:1      | Gained mutation: You are partially covered in yellow
                  | scales. (AC +2) [demonic ancestry]
   399 | D:1      | Reached XP level 2. HP: 8/22 MP: 2/2
  1058 | D:1      | Found a faded altar of an unknown god.
  1568 | D:2      | Reached XP level 3. HP: 21/27 MP: 3/3
  1858 | D:2      | Found Plog's Armour Shop.
  2057 | D:2      | Reached skill level 2 in Stealth
  2115 | D:2      | Gained mutation: Your muscles are strong. (Str +2) [potion
                  | of mutation]
  2115 | D:2      | Gained mutation: You have sharp fingernails. [potion of
                  | mutation]
  2115 | D:2      | Gained mutation: Your spells are a little harder to cast,
                  | but a little more powerful. [potion of mutation]
  3396 | D:4      | Gained mutation: A meltable shield of frost defends you.
                  | (SH +0) [demonic ancestry]
  3396 | D:4      | Reached XP level 4. HP: 20/33 MP: 4/4
  3412 | D:4      | Reached skill level 3 in Stealth
  3673 | D:4      | Reached XP level 5. HP: 38/38 MP: 5/5
  4949 | D:4      | Identified a scroll of acquirement
  4949 | D:4      | Acquired a +2 scimitar of electrocution
  5005 | D:5      | Entered Level 5 of the Dungeon
  5087 | D:5      | Noticed a phantom
  5090 | D:5      | Noticed a phantom
  5104 | D:5      | Killed a phantom
  5105 | D:5      | Reached skill level 4 in Stealth
  5105 | D:5      | Reached XP level 6. HP: 42/44 MP: 6/6
  5260 | D:5      | Noticed an ice beast
  5267 | D:5      | Killed an ice beast
  5378 | D:5      | Gained mutation: A meltable icy envelope protects you from
                  | harm. (AC +0) [demonic ancestry]
  5378 | D:5      | Reached XP level 7. HP: 48/51 MP: 7/7
  5487 | D:5      | Reached skill level 5 in Stealth
  5512 | D:5      | Reached skill level 5 in Long Blades
  5848 | D:6      | Reached skill level 6 in Stealth
  5848 | D:6      | Gained mutation: A meltable icy envelope protects you from
                  | harm. (AC +0) [demonic ancestry]
  5848 | D:6      | Reached XP level 8. HP: 32/58 MP: 8/8
  6284 | D:6      | Found a staircase to the Ecumenical Temple.
  6293 | Temple   | Entered the Ecumenical Temple
  6320 | Temple   | Became a worshipper of Dithmenos the Shadowed
  6638 | D:6      | Found a runed translucent door.
  6638 | D:6      | Noticed samgaumpmail's ghost (novice DgTm)
  6737 | D:6      | Found an ornate altar of the Wu Jian Council.
  6929 | D:6      | Noticed a spectral centipede
  6929 | D:6      | Noticed a spectral black mamba
  7381 | D:6      | Killed samgaumpmail's ghost
  7382 | D:6      | Reached skill level 7 in Stealth
  7382 | D:6      | Identified the +0 helmet "Arifryah" {rElec rN+ Str+4 SInv}
  7681 | D:7      | Reached XP level 9. HP: 63/65 MP: 9/9
  7738 | D:7      | Reached skill level 1 in Armour
  7986 | D:7      | Noticed Maggie
  7998 | D:7      | Killed Maggie
  7999 | D:7      | Reached skill level 8 in Stealth
  8261 | D:7      | HP: 2/65 [ice beast (6)]
  8262 | D:7      | Slain by an ice beast

Illustrated notes

Levels and vault maps discovered:
D:1:      dpeg_arrival_oval, layout_basic, ebering_ecumenical_altar_ruins
D:2:      layout_loops_ring, serial_shops, shop
D:3:      layout_basic
D:4:      layout_cave_pods, serial_rivers, chequers_serial_rivers_large_a,
          chequers_serial_rivers_micro_b, chequers_serial_rivers_micro_b,
          chequers_serial_rivers_small_3, chequers_serial_rivers_micro_e,
          chequers_serial_rivers_micro_d
D:5:      layout_basic
D:6:      layout_cave_pods, pdpol_wu_jian_five_deadly_venoms,
          minmay_temple_entry_proselytizer, gammafunk_ghost_grave,
          kennysheep_generic_room_15
D:7:      layout_gridville, uniq_maggie
Temple:   regret_index_temple_sigil_plot

Skill      XL: |  1  2  3  4  5  6  7  8  9 |
---------------+----------------------------+-----
Stealth        | 1 2 3 4 6 7 8 |  8.3
Long Blades    | 3 4 5 7 |  7.9
Dodging        | 3 4 |  4.5
Fighting       | 3 4 |  4.0
Armour         | 2 |  2.0
Throwing       | |  1.7

Action                   |  1- 3 |  4- 6 |  7- 9 || total
-------------------------+-------+-------+-------++-------
Melee: Long sword        |   155 |    87 |       ||   242
       Punch             |     2 |       |     3 ||     5
       Scimitar          |       |    20 |   173 ||   193
  Use: Scroll            |     7 |     4 |     7 ||    18
       Potion            |     5 |       |     4 ||     9
 Stab: Sleeping          |     1 |       |     2 ||     3
       Invisible         |       |     6 |       ||     6
Armor: Leather armour    |    32 |       |       ||    32
       Ring mail         |    22 |    38 |    75 ||   135
       Scale mail        |    17 |       |       ||    17
       Acid dragon scale |       |       |     2 ||     2
Dodge: Dodged            |   111 |    56 |   132 ||   299
Block: Other             |       |    15 |    18 ||    33

Table legend: (Time is in decaauts)
 A = Elapsed time spent in this place.
 B = Non-inter-level travel time spent in this place.
 C = Inter-level travel time spent in this place.
 D = Time resting spent in this place.
 E = Time spent auto-exploring this place.
 F = Levels seen in this place.
 G = Mean time per level.
                   A        B        C        D        E       F      G
               +--------+--------+--------+--------+--------+-----+--------+
         Total |   8357 |   7942 |    415 |   1719 |   4909 |   8 | 1044.6 |
       Dungeon |   8046 |   7658 |    388 |   1719 |   4649 |   7 | 1149.4 |
        Temple |    310 |    283 |     27 |      0 |    260 |   1 |  310.0 |
               +--------+--------+--------+--------+--------+-----+--------+

Top non-repeatable levels by time:
     D:4: 1698 daAuts
     D:6: 1555 daAuts
     D:1: 1516 daAuts
     D:3: 1103 daAuts
     D:5: 820 daAuts
     D:2: 763 daAuts
     D:7: 588 daAuts
  Temple: 310 daAuts
